 Dungeon Crawl Stone Soup version 0.31-a0-968-g24f9ace8b5 (webtiles) character file.

Game seed: 3091049887436359034

292 Xavori the Trooper (level 6, -16/47 HPs)
             Began as a Djinni Chaos Knight on Oct 27, 2023.
             Was a Plaything of Xom.
             Demolished by an ogre
             ... wielding a +2 giant club of chaos
              (22 damage)
             ... on level 4 of the Dungeon.
             The game lasted 00:02:43 (6029 turns).

Xavori the Trooper (Djinni Chaos Knight)            Turns: 6029, Time: 00:02:43

Health: -16/47     AC:  3    Str: 11    XL:     6   Next: 59%
Gold:   103        EV: 17    Int: 13    God:    Xom [*.....] SH:  0 Dex: 15

rFire   + + .        a - +0 falchion (chaos)
rCold   x . .        (no shield)
rNeg    . . .        b - +2 leather armour
rPois   ∞            (helmet restricted)
rElec   +            (no cloak)
rCorr   .            (no gloves)
SInv    .            (boots unavailable)
Will    .....        (no amulet)
Stlth   +            g - +4 ring of slaying
HPRegen 0.27/turn    j - +5 ring of evasion
MPRegen 0.00/turn

%: clarity, infuse magic (-17 HP)
@: flying
A: sickness immunity, fire resistance 2, cold vulnerability 1, float, innate
caster, HP casting, extra vitality 1, antennae 1, fangs 1, clarity, deformed
body, passive freeze, electricity resistance, evolution 1
a: Renounce Religion


You were on level 4 of the Dungeon.
You worshipped Xom.
You were a special plaything of Xom.
You visited 1 branch of the dungeon, and saw 4 of its levels.

You collected 163 gold pieces.
You spent 60 gold pieces at shops.

Inventory:

Hand Weapons
 a - a +0 falchion of chaos (weapon)
Armour
 b - a +2 leather armour (worn)
Jewellery
 g - a +4 ring of slaying (left hand)
 j - a +5 ring of evasion (right hand)
Wands
 i - a wand of paralysis (9)
Scrolls
 c - a scroll of butterflies
 d - a scroll of brand weapon {unknown}
 f - a scroll of enchant weapon
 h - 2 scrolls of enchant armour
 o - 2 scrolls of vulnerability {unknown}
 u - a scroll of immolation {unknown}
 v - a scroll of blinking {unknown}
Potions
 e - 2 potions of attraction {unknown}
 k - a potion of heal wounds {unknown}
 m - a potion of brilliance {unknown}
 n - a potion of invisibility {unknown}
 p - a potion of ambrosia
 q - a potion of haste {unknown}
 s - a potion of curing {unknown}
 t - a potion of mutation {unknown}
 w - a potion of might {unknown}


   Skills:
 + Level 3.9 Fighting
 + Level 3.5 Long Blades
 + Level 2.6 Armour
 + Level 3.5 Dodging
 * Level 2.0 Spellcasting
 * Level 2.0 Conjurations
 * Level 2.0 Hexes
   Level 0.0 Charms
 * Level 2.0 Summonings
 * Level 2.0 Necromancy
 * Level 2.0 Translocations
 * Level 2.0 Transmutations
 * Level 2.0 Fire Magic
 * Level 2.0 Ice Magic
 * Level 2.0 Air Magic
 * Level 2.0 Earth Magic
 * Level 2.0 Poison Magic


You knew the following spells:

 Your Spells              Type           Power      Damage    Failure   Level
a - Slow                  Hex            24%        N/A       14%         1
b - Searing Ray           Conj           12%        2d4       22%         2
Your spell library was empty.

Dungeon Overview and Level Annotations

Branches:
Dungeon (4/15)
 Temple: D:4-7

Altars:
Ashenzari
Xom

Shops:
D:2 *   D:3 :


Innate Abilities, Weirdness & Mutations

You are immune to sickness and miasma.
You are immune to poison.
Your flesh is very heat resistant. (rF++)
You are vulnerable to cold. (rC-)
You float through the air rather than walking.
You learn spells naturally, not from books.
Your magical power is your life essence.
You have superior vitality. (+4 MHP)
You have a pair of small antennae on your head.
You have very sharp teeth.
You possess an exceptional clarity of mind.
Armour fits poorly on your strangely shaped body.
A frigid envelope surrounds you and freezes all who hurt you.
You are resistant to electric shocks. (rElec)
You have hidden genetic potential.


Message History

You now have 103 gold pieces (gained 7).
You hear Xom's avuncular chuckle.
Your body is suffused with distortional energy.
You feel yourself wasting away.
You feel healthier.
Your magical essence no longer links to wands of the dungeon.
An ogre is nearby!
An ogre is nearby!
Casting: Slow (safe; 14% risk of failure)
Confirm with . or Enter, or press ? or * to list all spells.
Aiming: Searing Ray (safe; 22% risk of failure)
Press: ? - help, Shift-Dir - straight line, f - ogre
Aim: an ogre, wielding a +0 giant club (88% to hit)
The searing ray hits the ogre.
The ogre is moderately wounded. (Press . to maintain the ray.) Unknown command.
The searing ray hits the ogre.
The ogre is heavily wounded.
The ogre hits you with a +0 giant club!!
Ouch! That really hurt!
The ogre is very cold.
The ogre is severely wounded.
The searing ray misses the ogre.
Xom's power touches on a nearby weapon.
The ogre's +0 giant club erupts in a glittering mayhem of colour.
You hit the ogre. You bite the ogre.
The ogre is almost dead.
The ogre hits you with a +2 giant club of chaos!
* * * LOW HITPOINT WARNING * * *
The ogre is very cold.
The ogre is almost dead.
Unknown command.
You barely miss the ogre. Your bite misses the ogre.
The ogre is almost dead.
The ogre barely misses you.
You closely miss the ogre.
The ogre is almost dead.
The ogre hits you with a +2 giant club of chaos!!
You die...
Xom roars with laughter!

#####.. .≈≈ §....###.≈≈
###........≈≈≈≈≈≈
.#####..........≈≈≈≈≈≈
.................≈≈≈≈≈≈≈≈
...................≈≈≈≈≈≈
............# #......≈≈≈≈
........@O..###..........
....##..##...##.....###.#
........##......# .......
##.......#......#####...#
#.......................
#......#................
#......#............!...
#......#..##............
....................####


You could see an ogre.

Vanquished Creatures
  Sigmund (D:3)
  A jelly (D:4)
  3 adders
  3 dart slugs
  4 orcs
  7 ball pythons
  2 endoplasms (D:1)
  3 giant cockroaches
  6 goblins
  5 hobgoblins
  4 kobolds
  3 quokkas
  5 bats
  6 frilled lizards
  6 rats
59 creatures vanquished.

Notes
Turn   | Place    | Note
-------+----------+-------------------------------------------
     0 | D:1      | Xavori the Djinni Chaos Knight began the quest for the Orb.
     0 | D:1      | Reached XP level 1. HP: 20/20 MP: 0/0
    19 | D:1      | XOM: silly message
    57 | D:1      | Reached XP level 2. HP: 25/25 MP: 0/0
    61 | D:1      | XOM: divination: detect items
   321 | D:1      | XOM: silly message
   375 | D:1      | XOM: silly message
   539 | D:1      | Reached XP level 3. HP: 30/30 MP: 0/0
   539 | D:1      | Learned a level 1 spell: Slow
   954 | D:1      | XOM is BORED!
   954 | D:1      | XOM: silly message
  1466 | D:1      | XOM: summons 4 hostile shadow creatures
  1947 | D:1      | XOM: draining
  2059 | D:1      | XOM is BORED!
  2059 | D:1      | XOM: noise
  2117 | D:1      | XOM: god gift: arbalest {god gift}
  2568 | D:1      | XOM: god gift: 9 stones
  2587 | D:1      | XOM: scenery: create altars
  2665 | D:1      | XOM: god gift: yellow potion {god gift}
  2778 | D:1      | XOM is BORED!
  2778 | D:1      | XOM: summons 3 hostile shadow creatures
  2897 | D:2      | XOM: 2-stop teleportation journey
  3239 | D:1      | XOM: noise
  3419 | D:1      | XOM: give mutations
  3419 | D:1      | Gained mutation: Armour fits poorly on your strangely
                  | shaped body. [Xom's mischief]
  3419 | D:1      | Gained mutation: You are resistant to electric shocks.
                  | (rElec) [Xom's mischief]
  3419 | D:1      | Gained mutation: A frigid envelope surrounds you and
                  | freezes all who hurt you. [Xom's mischief]
  3608 | D:1      | XOM is BORED!
  3780 | D:1      | XOM: god gift: silver wand {god gift}
  4137 | D:1      | XOM: god gift: ruby ring {god gift}
  4151 | D:2      | Reached skill level 1 in Spellcasting
  4151 | D:2      | Reached skill level 1 in Conjurations
  4151 | D:2      | Reached skill level 1 in Hexes
  4151 | D:2      | Reached skill level 1 in Summonings
  4151 | D:2      | Reached skill level 1 in Necromancy
  4151 | D:2      | Reached skill level 1 in Translocations
  4151 | D:2      | Reached skill level 1 in Transmutations
  4151 | D:2      | Reached skill level 1 in Fire Magic
  4151 | D:2      | Reached skill level 1 in Ice Magic
  4151 | D:2      | Reached skill level 1 in Air Magic
  4151 | D:2      | Reached skill level 1 in Earth Magic
  4151 | D:2      | Reached skill level 1 in Poison Magic
  4198 | D:2      | Identified the +9 mace "Huog" {protect, rPois Dex+2}
  4306 | D:2      | XOM: 1-stop teleportation journey
  4313 | D:2      | XOM: summons 2 hostile demons
  4367 | D:2      | Reached XP level 4. HP: 30/32 MP: 0/0
  4412 | D:2      | XOM: silly message
  4538 | D:2      | Found Qiczorie's Assorted Antiques.
  4545 | D:2      | Bought a scroll labelled FUEMUO SOAM for 30 gold pieces
  4545 | D:2      | Bought a scroll labelled FUEMUO SOAM for 30 gold pieces
  5213 | D:3      | Found a broken altar of Ashenzari.
  5457 | D:3      | Noticed Sigmund
  5464 | D:3      | Killed Sigmund
  5465 | D:3      | Reached XP level 5. HP: 17/41 MP: 0/0
  5465 | D:3      | Learned a level 2 spell: Searing Ray
  5465 | D:3      | Reached XP level 6. HP: 20/47 MP: 0/0
  5711 | D:3      | XOM: give mutations
  5711 | D:3      | Gained mutation: You have very sharp teeth. [Xom's grace]
  5711 | D:3      | Gained mutation: You have hidden genetic potential. [Xom's
                  | grace]
  5711 | D:3      | Gained mutation: You possess an exceptional clarity of
                  | mind. [Xom's grace]
  5796 | D:3      | Found Naor's Vocational Training.
  5876 | D:4      | XOM: give mutations
  5876 | D:4      | Gained mutation: You expend health (3 HP) to strengthen
                  | your wands. [Xom's grace]
  5876 | D:4      | Gained mutation: You have a pair of small antennae on your
                  | head. [Xom's grace]
  6014 | D:4      | Noticed an ogre
  6020 | D:4      | XOM: give mutations
  6020 | D:4      | Gained mutation: Your body sometimes deteriorates upon
                  | taking damage. [Xom's mischief]
  6020 | D:4      | Lost mutation: Your body sometimes deteriorates upon taking
                  | damage. [Xom's mischief]
  6020 | D:4      | Lost mutation: You expend health (3 HP) to strengthen your
                  | wands. [Xom's mischief]
  6026 | D:4      | XOM: chaos upgrade
  6029 | D:4      | Demolished by an ogre

Illustrated notes

Levels and vault maps discovered:
D:1:      erik_arrival_cave_to_civilisation [erik_arrival_cave_to_hall],
          layout_basic
D:2:      layout_basic, serial_shops, shop
D:3:      layout_basic, nicolae_ashenzari_panopticon, nicolae_shop_vocational,
          uniq_sigmund
D:4:      layout_basic, nzn_hepliaklqana_mist_gate, amcnicky_altar_gilded,
          temple_pool_b

Skill      XL: |  1  2  3  4 |
---------------+-------------+-----
Long Blades    | 3 |  3.5
Spellcasting   | 1 2 |  2.0
Conjurations   | 1 2 |  2.0
Hexes          | 1 2 |  2.0
Summonings     | 1 2 |  2.0
Necromancy     | 1 2 |  2.0
Translocations | 1 2 |  2.0
Transmutations | 1 2 |  2.0
Fire Magic     | 1 2 |  2.0
Ice Magic      | 1 2 |  2.0
Air Magic      | 1 2 |  2.0
Earth Magic    | 1 2 |  2.0
Poison Magic   | 1 2 |  2.0
Armour         | 2 |  2.6
Dodging        | 3 |  3.5
Fighting       | |  3.9

Action                     |  1- 3 |  4- 6 || total
---------------------------+-------+-------++-------
  Melee: Falchion          |    98 |    51 ||   149
         Punch             |     1 |     1 ||     2
         Bite              |       |     6 ||     6
   Cast: Searing Ray       |       |     1 ||     1
    Use: Potion            |     1 |       ||     1
         Scroll            |       |     3 ||     3
   Stab: Confused          |     1 |       ||     1
         Distracted        |       |     1 ||     1
 Armour: Leather armour    |    51 |    16 ||    67
  Dodge: Dodged            |    75 |    43 ||   118

Table legend: (Time is in decaauts)
 A = Elapsed time spent in this place.
 B = Non-inter-level travel time spent in this place.
 C = Inter-level travel time spent in this place.
 D = Time resting spent in this place.
 E = Time spent auto-exploring this place.
 F = Levels seen in this place.
 G = Mean time per level.
                   A        B        C        D        E       F      G
               +--------+--------+--------+--------+--------+-----+--------+
         Total |   6052 |   5958 |     94 |   2952 |   2568 |   4 | 1513.0 |
       Dungeon |   6052 |   5958 |     94 |   2952 |   2568 |   4 | 1513.0 |
               +--------+--------+--------+--------+--------+-----+--------+

Top non-repeatable levels by time:
     D:1: 3597 daAuts
     D:2: 1353 daAuts
     D:3: 894 daAuts
     D:4: 206 daAuts
